Map: [TLMC15] Curious Minds

Players

DRG

  • Race: Zerg Zerg
  • League: Master

Solar - Winner!

  • Race: Zerg Zerg
  • League: Master

Event: StayAtHome Story Cup #4

VOD

Have the link to the VOD?

Description

Time

  • Played on: Oct. 24, 2021, 9:06 a.m.
  • Length: 7:10

All games in this series

Show
View Real Time Build Order
Export as new Build Order

DRG Zerg 

Build Orders: Hatch First 

Get SALT Encoding   

  12  0:00  Drone  
  13  0:12  Overlord  
  13  0:16  Drone  
  14  0:30  Drone x2  
  16  0:47  Hatchery  
  15  0:50  Drone  
  15  0:54  Drone  
  17  0:57  Drone  
  18  1:08  Extractor  
  17  1:12  Spawning Pool  
  17  1:15  Drone  
  17  1:19  Drone  
  18  1:28  Drone  
  19  1:38  Drone  
  20  1:49  Drone  
  21  1:59  Queen x2, Overlord  
  21  2:00  Zergling x2  
  26  2:11  Drone x2  
  26  2:12  Metabolic Boost  
  28  2:21  Drone x2  
  30  2:34  Hatchery, Drone  
  30  2:41  Queen  
  32  2:48  Baneling Nest  
  32  2:51  Overlord  
  31  2:54  Drone  
  31  2:57  Drone  
  33  2:59  Drone  
  33  3:01  Zergling x2  
  33  3:05  Zergling x2  
  36  3:10  Drone x2  
  36  3:12  Drone  
  39  3:15  Drone  
  39  3:18  Drone x2  
  42  3:24  Overlord  
  42  3:29  Evolution Chamber  
  42  3:31  Drone  
  42  3:34  Drone  
  43  3:36  Zergling x2  
  43  3:40  Overlord  
  44  3:43  Zergling x2  
  44  3:44  Zergling x4  
  44  3:47  Zergling x4  
  49  3:50  Drone x2  
  49  3:54  Drone  
  49  3:55  Drone  
  53  3:57  Drone x2  
  54  4:07  Drone  
  54  4:09  Zerg Missile Weapons Level 1, Drone  
  54  4:10  Drone  
  54  4:11  Drone x3  
  54  4:12  Zergling x2  
  54  4:15  Extractor  
  57  4:19  Roach Warren, Zergling x2  
  57  4:22  Zergling x2  
  58  4:24  Zergling x2  
  58  4:26  Overlord  
  58  4:30  Baneling x2  
  59  4:32  Drone  
  59  4:34  Baneling x2  
  59  4:35  Zergling x6  
  63  4:41  Zergling x2  
  62  4:46  Zergling x2  
  58  5:00  Roach  
  58  5:01  Roach x7  
  58  5:06  Overlord  
  74  5:07  Overlord x2  
  73  5:15  Overlord  
  73  5:17  Overlord  
  73  5:24  Queen x2  
  73  5:25  Overlord  
  77  5:29  Drone x3  
  77  5:30  Drone  
  81  5:37  Drone  
  81  5:40  Drone  
  83  5:44  Drone  
  83  5:45  Drone x4  
  83  5:48  Extractor  
  87  5:51  Roach  
  89  5:58  Overlord  
  89  6:02  Drone  
  89  6:03  Drone  
  91  6:05  Extractor  
  91  6:07  Roach  
  91  6:10  Roach  
  93  6:12  Roach x3  
  93  6:15  Roach  
  101  6:18  Roach  
  101  6:23  Roach  
  101  6:24  Roach  
  101  6:25  Spine Crawler  
  106  6:26  Spine Crawler  
  106  6:27  Baneling x8, Roach, Spine Crawler  
  106  6:28  Queen  
  108  6:37  Roach  
  108  6:39  Roach  
  101  6:42  Roach x2  
  101  6:43  Zergling x2  
  101  6:45  Zergling x2  
  97  6:49  Roach  
  97  6:50  Roach x2  
Show
View Real Time Build Order
Export as new Build Order

Solar Zerg - Winner!

Build Orders: Hatch First 

Get SALT Encoding   

  12  0:00  Drone  
  13  0:12  Overlord  
  13  0:16  Drone  
  14  0:30  Drone x2  
  16  0:47  Hatchery  
  15  0:51  Drone  
  15  0:54  Drone  
  17  0:57  Drone  
  18  1:08  Extractor  
  17  1:13  Spawning Pool  
  17  1:16  Drone  
  17  1:19  Drone  
  18  1:28  Drone  
  19  1:40  Drone  
  20  1:51  Drone  
  21  1:59  Queen x2  
  21  2:00  Zergling x2  
  26  2:01  Overlord  
  26  2:10  Drone x2  
  26  2:12  Metabolic Boost  
  28  2:20  Drone  
  28  2:21  Drone  
  30  2:34  Hatchery  
  29  2:37  Drone  
  29  2:39  Drone  
  31  2:44  Baneling Nest  
  31  2:49  Drone  
  31  2:52  Overlord  
  31  2:54  Zergling x2  
  31  2:55  Drone  
  33  3:03  Drone  
  33  3:05  Zergling x2  
  35  3:12  Drone x3  
  38  3:14  Zergling x2  
  38  3:15  Queen  
  38  3:19  Zergling x4  
  43  3:24  Evolution Chamber  
  43  3:27  Overlord  
  42  3:30  Drone  
  42  3:32  Drone  
  44  3:40  Baneling  
  44  3:46  Zergling x2  
  44  3:47  Drone x6  
  44  3:48  Drone  
  52  3:55  Overlord  
  51  3:56  Zergling x2  
  51  3:57  Drone  
  51  3:58  Drone  
  54  4:03  Zergling x2  
  54  4:09  Baneling x2, Zergling x2  
  55  4:10  Zergling x2  
  55  4:13  Extractor  
  55  4:14  Extractor  
  55  4:16  Zerg Ground Armor Level 1  
  53  4:18  Roach Warren  
  53  4:20  Zergling x4  
  53  4:21  Drone  
  54  4:25  Drone x2  
  54  4:26  Drone  
  54  4:29  Drone  
  54  4:30  Overlord  
  58  4:33  Overlord  
  58  4:34  Zergling x2  
  59  4:39  Zergling x6  
  59  4:44  Overlord  
  61  4:46  Overlord  
  61  4:59  Roach  
  60  5:00  Roach x4  
  60  5:04  Roach  
  60  5:06  Drone  
  63  5:07  Zergling x6  
  63  5:10  Baneling x2  
  63  5:13  Zergling x4  
  67  5:16  Roach  
  67  5:18  Roach  
  71  5:22  Roach  
  71  5:26  Zergling x6  
  76  5:31  Roach x2  
  76  5:35  Overlord  
  80  5:40  Roach x2  
  83  5:45  Roach x2  
  87  5:53  Roach x3  
  93  5:58  Overlord  
  93  6:01  Roach  
  94  6:05  Roach x2  
  98  6:12  Zergling x8  
  98  6:14  Zergling x2  
  98  6:18  Zergling x4  
  105  6:20  Baneling x3  
  105  6:23  Zergling x4  
  107  6:26  Zergling x2  
  107  6:29  Zergling x4  
  110  6:34  Zergling x4  
  110  6:35  Zergling x2  
  110  6:38  Overlord  
  105  6:41  Ravager  
  105  6:46  Ravager  
  97  6:47  Zergling x6  
  97  6:52  Zergling x6  
  92  7:03  Ravager  
Tags
 
Add a new tag
Caveats
  • Supply blocks, unpowered buildings, or Contaminate may cause inaccurate times.
  • Supply counts are checked every 10 seconds.